Rockets vs Barracuda
Created - November 28, 2025 at 21:00
Goals
|
| Rockets |
3 |
1 |
2 |
6 |
| Barracuda |
2 |
3 |
2 |
7 |
|
Shots
|
| Rockets |
9 |
14 |
8 |
31 |
| Barracuda |
13 |
9 |
15 |
37 |
|
1st period
1. Rockets , Jake Evans 7 (Trevor Zegras 12) at 13:59
2. Barracuda , Jackson Kunz 1 (Jacob Peterson 3, Alex Lintuniemi 7) at 15:20
3. Rockets , Jesperi Kotkaniemi 5 (Dennis Gilbert 3) at 17:04 (SH)
4. Barracuda , Nikolai Kovalenko 15 (Emil Pettersson 22, Robin Norell 7) at 17:17 (PP)
5. Rockets , Lucas Raymond 8 (Martin Fehervary 4, Jesperi Kotkaniemi 5) at 18:18
Penalties :
Thomas Harley (Lav) for Holding (Minor) at 16:41
2nd period
6. Barracuda , Trent Frederic 4 (Alex Lintuniemi 8) at 4:05 (PP)
7. Barracuda , Emil Pettersson 8 (Nikolai Kovalenko 9, Alex Lintuniemi 9) at 7:15
8. Rockets , Jesperi Kotkaniemi 6 (Mason Appleton 5, Lucas Raymond 8) at 9:20
9. Barracuda , Angus Crookshank 5 (Trent Frederic 6, Robin Norell 8) at 13:15
Penalties :
Yegor Sokolov (S.J) for Holding (Minor) at 1:06, Evan Rodrigues (Lav) for Holding (Minor) at 3:36, Lucas Raymond (Lav) for Hooking (Minor) at 14:26
3rd period
10. Rockets , Jake Evans 8 (Alex Newhook 4, Kirby Dach 4) at 0:50
11. Barracuda , Beck Malenstyn 7 (Nikolai Kovalenko 10, Emil Pettersson 23) at 1:58 (PP)
12. Rockets , Trevor Zegras 9 (Jake Evans 12) at 6:26 (PP)
13. Barracuda , Trent Frederic 5 (Robin Norell 9) at 19:21
Penalties :
Trevor Zegras (Lav) for Tripping (Minor) at 1:12, Angus Crookshank (S.J) for High sticking (Minor) at 2:42, Cole Caufield (Lav) for Holding (Minor) at 2:51, Dennis Cholowski (S.J) for Hooking (Minor) at 5:33, John-Jason Peterka (Lav) for Holding (Minor) at 11:07
Goalie Stats
Connor Hellebyuk (Lav), 30 saves from 37 shots - (0.811), L, 6-3-0, 59:41 minutes
Kevin Mandolese (S.J), 25 saves from 31 shots - (0.806), W, 3-5-0, 60:00 minutes
Players Stats for Rockets
Player Name G A P +/- PIM S H SB GA TA FO MP PP MP PK MP
------------------------------------------------------------------------------------
0 0 0 0 0 0 0 0 0 0 0/0 0:00 0:00 0:00
0 0 0 0 0 0 0 0 0 0 0/0 0:00 0:00 0:00
0 0 0 0 0 0 0 0 0 0 0/0 0:00 0:00 0:00
0 0 0 0 0 0 0 0 0 0 0/0 0:00 0:00 0:00
0 0 0 0 0 0 0 0 0 0 0/0 0:00 0:00 0:00
0 0 0 0 0 0 0 0 0 0 0/0 0:00 0:00 0:00
Alex Newhook 0 1 1 0 0 0 0 0 0 1 0/2 11:26 1:25 0:00
Anders Bjork 0 0 0 0 0 1 0 0 0 0 0/2 9:20 0:00 1:04
Arber Xhekaj 0 0 0 -1 0 0 1 1 0 0 0/0 12:06 0:00 1:55
Cole Caufield 0 0 0 0 2 1 1 0 1 0 0/0 9:16 1:35 0:00
Dennis Gilbert 0 1 1 0 0 0 2 0 0 0 0/0 8:06 0:00 3:54
Evan Rodrigues 0 0 0 2 2 2 3 0 0 1 2/2 20:56 0:00 3:33
Jake Evans 2 1 3 1 0 3 2 2 0 0 15/34 20:40 1:36 1:03
Jayden Struble 0 0 0 0 0 0 0 1 0 0 0/0 7:46 0:00 0:00
Jesperi Kotkaniemi 2 1 3 0 0 5 0 1 0 0 9/21 18:38 0:00 3:55
John-Jason Peterka 0 0 0 0 2 0 1 0 0 0 0/0 9:23 1:25 0:25
Kaiden Guhle 0 0 0 -1 0 1 1 2 0 0 0/0 19:33 0:00 0:09
Kirby Dach 0 1 1 0 0 1 1 0 0 0 5/8 10:01 0:00 0:00
Lucas Raymond 1 1 2 -1 2 6 1 0 1 0 0/1 17:34 2:12 0:28
Martin Fehervary 0 1 1 -1 0 3 1 3 0 1 0/0 19:45 0:49 0:00
Mason Appleton 0 1 1 -1 0 1 0 1 0 0 0/0 17:28 1:25 1:28
Michael McCarron 0 0 0 0 0 1 2 0 0 0 0/0 10:01 0:00 0:00
Noah Dobson 0 0 0 3 0 2 4 0 1 1 0/0 25:53 0:49 4:03
Thomas Harley 0 0 0 2 2 1 1 1 1 0 0/0 24:38 2:12 1:55
Trevor Zegras 1 1 2 1 2 3 1 0 2 0 0/1 19:36 1:36 0:00
Players Stats for Barracuda
Player Name G A P +/- PIM S H SB GA TA FO MP PP MP PK MP
------------------------------------------------------------------------------------
Adam Beckman 0 0 0 0 0 1 1 0 0 0 0/1 10:27 0:00 0:00
Adam Edstrom 0 0 0 0 0 0 0 0 0 0 0/0 0:00 0:00 0:00
Adam Raska 0 0 0 0 0 0 1 0 0 0 0/0 6:49 0:00 0:00
Alex Jefferies 0 0 0 0 0 0 0 0 0 0 0/0 1:01 0:09 0:23
Alex Lintuniemi 0 3 3 1 0 1 3 2 1 0 0/0 18:51 1:47 0:57
Alexei Toropchenko 0 0 0 0 0 2 1 0 0 0 1/3 17:23 2:38 0:00
Angus Crookshank 1 0 1 0 2 5 2 0 0 0 0/1 17:37 2:38 0:37
Antonio Stranges 0 0 0 0 0 0 0 0 0 0 0/0 0:00 0:00 0:00
Beck Malenstyn 1 0 1 -1 0 2 2 0 0 0 1/2 23:45 3:20 2:01
Bode Wilde 0 0 0 -2 0 1 0 0 0 1 0/0 11:17 0:00 0:11
Bogdan Trineyev 0 0 0 0 0 0 0 0 0 0 0/0 0:00 0:00 0:00
Dennis Cholowski 0 0 0 1 2 0 2 0 0 0 0/0 18:39 1:47 0:46
Emil Pettersson 1 2 3 -1 0 4 0 2 2 0 25/39 23:31 3:11 2:01
Jackson Kunz 1 0 1 0 0 1 2 1 0 0 1/1 6:49 0:00 0:00
Jacob Peterson 0 1 1 0 0 1 0 0 0 0 2/2 7:01 0:09 0:00
Jordan Gross 0 0 0 0 0 5 3 3 0 2 0/0 30:03 4:11 2:04
Kyle Platzer 0 0 0 0 0 0 0 0 0 0 0/0 0:00 0:00 0:00
Luke Martin 0 0 0 0 0 0 0 0 0 0 0/0 0:00 0:00 0:00
Mason Langenbrunner 0 0 0 0 0 0 0 0 0 0 0/0 0:00 0:00 0:00
Nikolai Kovalenko 1 2 3 -1 0 3 0 1 0 1 1/3 21:02 3:11 0:23
Robin Norell 0 3 3 0 0 7 1 2 0 1 0/0 30:03 4:11 2:04
Ryan Merkley 0 0 0 -2 0 1 2 1 0 0 0/0 11:06 0:00 0:00
Theodor Blueger 0 0 0 0 0 0 1 0 0 0 4/7 10:27 0:00 0:00
Trent Frederic 2 1 3 0 0 3 1 1 1 1 5/12 18:00 2:29 0:37
Yegor Sokolov 0 0 0 0 2 0 0 1 0 0 0/0 11:15 0:09 0:00
3 Stars
1 - Jake Evans (Lav)
2 - Trent Frederic (S.J)
3 - Jesperi Kotkaniemi (Lav)
Power Play
Rockets - 1 on 3 Attempt(s) - 33.33%
Barracuda - 3 on 6 Attempt(s) - 50.00%
Penalty Kill
Rockets - 3 on 6 Attempt(s) - 50.00%
- Score 1 goal in Penalty Kill
Barracuda - 2 on 3 Attempt(s) - 66.67%
- Score 0 goal in Penalty Kill
Team Stat
Rockets - Hits : 22 - Faceoff Wins : 31 - Blocked Shots : 12 - Penalty Minutes : 12
Barracuda - Hits : 22 - Faceoff Wins : 40 - Blocked Shots : 14 - Penalty Minutes : 6
Official
Referees : Conor O'Donnell and Steve Kozari
Linesman : Scott Cherrey and Mark Shewchyk
Game Notes
13:59 of 1st period - Rockets goal is going for a video replay. After video review, Goal.
4:05 of 2nd period - Barracuda goal is going for a video replay. After video review, Goal.
Finance
Level 1 -- Attendance: 1692 (84.60%) -- Ticket Income $118,440
Level 2 -- Attendance: 998 (99.80%) -- Ticket Income $39,920
Total Attendance: 2690 (89.67%)
Total Ticket Income: $158,360
Other Income: $7,918
Total Income: $166,278
Rockets
5 vs 5 Forward
Center Left Wing Right Wing Time % Phy DF OF
1 Jake Evans Trevor Zegras Evan Rodrigues 35 1 2 2
2 Jesperi Kotkaniemi Lucas Raymond Mason Appleton 30 1 2 2
3 Kirby Dach Alex Newhook Michael McCarron 20 1 2 2
4 Anders Bjork John-Jason Peterka Cole Caufield 15 1 2 2
5 vs 5 Defense
Defense Defense Time % Phy DF OF
1 Thomas Harley Noah Dobson 40 1 2 2
2 Kaiden Guhle Martin Fehervary 40 1 2 2
3 Arber Xhekaj Jayden Struble 15 2 2 1
4 Dennis Gilbert Arber Xhekaj 5 1 2 2
PowerPlay Forward
Center Left Wing Right Wing Time % Phy DF OF
1 Jake Evans Trevor Zegras Cole Caufield 70 1 2 2
2 Alex Newhook John-Jason Peterka Mason Appleton 30 1 2 2
PowerPlay Defense
Defense Defense Time % Phy DF OF
1 Thomas Harley Lucas Raymond 60 1 2 2
2 Martin Fehervary Noah Dobson 40 1 2 2
Penalty Kill 4 Players Forward
Center Wing Time % Phy DF OF
1 Jesperi Kotkaniemi Evan Rodrigues 60 1 2 2
2 Jake Evans Anders Bjork 40 1 2 2
Penalty Kill 4 Players Defense
Defense Defense Time % Phy DF OF
1 Dennis Gilbert Noah Dobson 60 1 2 2
2 Thomas Harley Arber Xhekaj 40 1 2 2
Penalty Kill - 3 Players Forward
Forward Time % Phy DF OF
1 Jesperi Kotkaniemi 60 1 2 2
2 Evan Rodrigues 40 1 2 2
Penalty Kill - 3 Players Defense
Defense Defense Time % Phy DF OF
1 Dennis Gilbert Noah Dobson 60 1 2 2
2 Thomas Harley Arber Xhekaj 40 1 2 2
4 vs 4 Forward
Center Wing Time % Phy DF OF
1 Jake Evans Trevor Zegras 60 1 2 2
2 Evan Rodrigues Anders Bjork 40 1 2 2
4 vs 4 Defense
Defense Defense Time % Phy DF OF
1 Dennis Gilbert Thomas Harley 60 1 2 2
2 Kaiden Guhle Noah Dobson 40 1 2 2
Last Minutes Offensive
Center Left Wing Right Wing Defense Defense
Jake Evans Trevor Zegras Evan Rodrigues Thomas Harley Noah Dobson
Last Minutes Defensive
Center Left Wing Right Wing Defense Defense
Jake Evans Trevor Zegras Evan Rodrigues Dennis Gilbert Noah Dobson
Goaltenders
Starting : Connor Hellebyuk
Backup : Jakub Dobes
Extra Forwards
Normal : Trevor Zegras, Anders Bjork, Jake Evans - PP : Kirby Dach, Anders Bjork - PK : Mason Appleton
Extra Defensemen
Normal : Noah Dobson, Kaiden Guhle, Jayden Struble - PP : Noah Dobson - PK : Kaiden Guhle, Jayden Struble
Penalty Shots
Lucas Raymond, Trevor Zegras, Alex Newhook, Cole Caufield, Anders Bjork
Custom OT Lines Forwards
Trevor Zegras, Mason Appleton, Jake Evans, Anders Bjork, Evan Rodrigues, Jesperi Kotkaniemi, Lucas Raymond, Alex Newhook, Cole Caufield, John-Jason Peterka
Custom OT Lines Defensemen
Dennis Gilbert, Noah Dobson, Thomas Harley, Jayden Struble, Arber Xhekaj
Scratches
Adam Wilsby (Healthy), Nathan Smith (Healthy), Mavrik Bourque (Healthy), Matthew Rempe (Healthy), Gustav Forsling (Groin Injury)
Hunter Drew (Healthy), William Bitten (Healthy), Cole Koepke (Healthy), Joey Daccord (Healthy)
Barracuda
5 vs 5 Forward
Center Left Wing Right Wing Time % Phy DF OF
1 Emil Pettersson Beck Malenstyn Nikolai Kovalenko 40 1 2 2
2 Trent Frederic Angus Crookshank Alexei Toropchenko 30 1 2 2
3 Theodor Blueger Adam Beckman Yegor Sokolov 20 1 2 2
4 Jacob Peterson Jackson Kunz Adam Raska 10 1 2 2
5 vs 5 Defense
Defense Defense Time % Phy DF OF
1 Robin Norell Jordan Gross 40 1 2 2
2 Alex Lintuniemi Dennis Cholowski 30 1 2 2
3 Bode Wilde Ryan Merkley 20 1 2 2
4 Robin Norell Jordan Gross 10 1 2 2
PowerPlay Forward
Center Left Wing Right Wing Time % Phy DF OF
1 Emil Pettersson Beck Malenstyn Nikolai Kovalenko 60 1 2 2
2 Trent Frederic Angus Crookshank Alexei Toropchenko 40 1 2 2
PowerPlay Defense
Defense Defense Time % Phy DF OF
1 Robin Norell Jordan Gross 60 1 2 2
2 Alex Lintuniemi Dennis Cholowski 40 1 2 2
Penalty Kill 4 Players Forward
Center Wing Time % Phy DF OF
1 Emil Pettersson Beck Malenstyn 60 1 2 2
2 Trent Frederic Angus Crookshank 40 1 2 2
Penalty Kill 4 Players Defense
Defense Defense Time % Phy DF OF
1 Robin Norell Jordan Gross 60 1 2 2
2 Alex Lintuniemi Dennis Cholowski 40 1 2 2
Penalty Kill - 3 Players Forward
Forward Time % Phy DF OF
1 Emil Pettersson 60 1 2 2
2 Trent Frederic 40 1 2 2
Penalty Kill - 3 Players Defense
Defense Defense Time % Phy DF OF
1 Robin Norell Jordan Gross 60 1 2 2
2 Alex Lintuniemi Dennis Cholowski 40 1 2 2
4 vs 4 Forward
Center Wing Time % Phy DF OF
1 Emil Pettersson Beck Malenstyn 60 1 2 2
2 Trent Frederic Angus Crookshank 40 1 2 2
4 vs 4 Defense
Defense Defense Time % Phy DF OF
1 Robin Norell Jordan Gross 60 1 2 2
2 Alex Lintuniemi Dennis Cholowski 40 1 2 2
Last Minutes Offensive
Center Left Wing Right Wing Defense Defense
Emil Pettersson Beck Malenstyn Nikolai Kovalenko Robin Norell Jordan Gross
Last Minutes Defensive
Center Left Wing Right Wing Defense Defense
Emil Pettersson Beck Malenstyn Nikolai Kovalenko Robin Norell Jordan Gross
Goaltenders
Starting : Kevin Mandolese
Backup : Filip Larsson
Extra Forwards
Normal : Nikolai Kovalenko, Alexei Toropchenko, Beck Malenstyn - PP : Nikolai Kovalenko, Alexei Toropchenko - PK : Nikolai Kovalenko
Extra Defensemen
Normal : Dennis Cholowski, Bode Wilde, Ryan Merkley - PP : Dennis Cholowski - PK : Dennis Cholowski, Bode Wilde
Penalty Shots
Emil Pettersson, Trent Frederic, Theodor Blueger, Jacob Peterson, Nikolai Kovalenko
Custom OT Lines Forwards
Emil Pettersson, Trent Frederic, Theodor Blueger, Jacob Peterson, Nikolai Kovalenko, Alexei Toropchenko, Beck Malenstyn, Angus Crookshank, Adam Beckman, Yegor Sokolov
Custom OT Lines Defensemen
Robin Norell, Jordan Gross, Alex Lintuniemi, Dennis Cholowski, Bode Wilde
Scratches
Sam Colangelo (Severed Right Wrist Tendon Injury), Ryder Rolston (Healthy), Henrik Tikkanen (Healthy), Aidan Campbell (Healthy)
% Time on Ice - Rockets
Lines # - Real PCT - Wanted PCT - Time Play
Normal Forward
1 - 34% - 35% - 16:24
2 - 30% - 30% - 14:44
3 - 21% - 20% - 10:01
4 - 15% - 15% - 7:24
Normal Defense
1 - 39% - 40% - 19:06
2 - 39% - 40% - 19:04
3 - 16% - 15% - 7:46
4 - 5% - 5% - 2:37
PP Forward
1 - 53% - 70% - 1:36
2 - 47% - 30% - 1:25
PP Defense
1 - 73% - 60% - 2:12
2 - 27% - 40% - 0:49
PK Forward
1 - 82% - 60% - 4:54
2 - 18% - 40% - 1:04
PK Defense
1 - 65% - 60% - 3:54
2 - 35% - 40% - 2:04
PK3 Forward
1 - 0% - 60%
2 - 0% - 40%
PK3 Defense
1 - 0% - 60%
2 - 0% - 40%
44 Forward
1 - 79% - 60% - 1:27
2 - 21% - 40% - 0:23
44 Defense
1 - 65% - 60% - 1:11
2 - 35% - 40% - 0:39
Last Minute Offensive - 0:38
Last Minute Defensive - 0:00
Total
Forward - 60:00
Defense - 60:00
|
% Time on Ice - Barracuda
Lines # - Real PCT - Wanted PCT - Time Play
Normal Forward
1 - 35% - 40% - 16:55
2 - 30% - 30% - 14:22
3 - 22% - 20% - 10:27
4 - 14% - 10% - 6:49
Normal Defense
1 - 40% - 40% - 19:21
2 - 32% - 30% - 15:33
3 - 23% - 20% - 11:06
4 - 5% - 10% - 2:33
PP Forward
1 - 58% - 60% - 3:29
2 - 42% - 40% - 2:29
PP Defense
1 - 70% - 60% - 4:11
2 - 30% - 40% - 1:47
PK Forward
1 - 80% - 60% - 2:24
2 - 20% - 40% - 0:37
PK Defense
1 - 69% - 60% - 2:04
2 - 31% - 40% - 0:57
PK3 Forward
1 - 0% - 60%
2 - 0% - 40%
PK3 Defense
1 - 0% - 60%
2 - 0% - 40%
44 Forward
1 - 71% - 60% - 1:18
2 - 29% - 40% - 0:32
44 Defense
1 - 69% - 60% - 1:16
2 - 31% - 40% - 0:34
Last Minute Offensive - 0:00
Last Minute Defensive - 0:38
Total
Forward - 60:00
Defense - 60:00
|
Play-by-Play
1st period
0:01 of 1st period - Emil Pettersson wins face-off versus Jake Evans in neutral zone.
2:00 of 1st period - Wrist shot by Angus Crookshank.
2:00 of 1st period - Stopped by Connor Hellebyuk without a rebound.
2:01 of 1st period - Jake Evans wins face-off versus Trent Frederic in Rockets zone.
2:08 of 1st period - Slapshot by Trevor Zegras.
2:08 of 1st period - Shot Misses the Net.
2:38 of 1st period - Snap shot by Anders Bjork.
2:38 of 1st period - Shot Blocked by Ryan Merkley.
2:54 of 1st period - Wrist shot by Lucas Raymond.
2:54 of 1st period - Shot Blocked by Robin Norell.
3:10 of 1st period - Mason Appleton is hit by Jackson Kunz and loses puck.
3:19 of 1st period - Snap shot by Mason Appleton.
3:19 of 1st period - Shot Misses the Net.
3:42 of 1st period - Wrist shot by Trevor Zegras.
3:42 of 1st period - Shot Blocked by Trent Frederic.
4:19 of 1st period - Anders Bjork is hit by Theodor Blueger.
4:35 of 1st period - Jacob Peterson is hit by Evan Rodrigues and loses puck.
5:12 of 1st period - Alex Newhook is hit by Angus Crookshank.
5:24 of 1st period - Off-side.
5:25 of 1st period - Emil Pettersson wins face-off versus Anders Bjork in neutral zone.
5:40 of 1st period - Wrist shot by Nikolai Kovalenko.
5:40 of 1st period - Stopped by Connor Hellebyuk with a rebound.
5:54 of 1st period - Snap shot by Jake Evans.
5:54 of 1st period - Shot Misses the Net.
6:12 of 1st period - Jordan Gross is hit by Thomas Harley and loses puck.
7:18 of 1st period - Snap shot by Jake Evans.
7:18 of 1st period - Shot Misses the Net.
7:24 of 1st period - Wrist shot by Angus Crookshank.
7:24 of 1st period - Shot Blocked by Martin Fehervary.
7:55 of 1st period - Snap shot by Mason Appleton.
7:55 of 1st period - Stopped by Kevin Mandolese without a rebound.
7:56 of 1st period - Kirby Dach wins face-off versus Emil Pettersson in Barracuda zone.
7:57 of 1st period - Snap shot by Michael McCarron.
7:57 of 1st period - Stopped by Kevin Mandolese without a rebound.
7:58 of 1st period - Emil Pettersson wins face-off versus Kirby Dach in Barracuda zone.
8:09 of 1st period - Snap shot by Emil Pettersson.
8:09 of 1st period - Stopped by Connor Hellebyuk without a rebound.
8:10 of 1st period - Emil Pettersson wins face-off versus Jake Evans in Rockets zone.
8:42 of 1st period - Snap shot by Trent Frederic.
8:42 of 1st period - Shot Hit the Post.
8:44 of 1st period - Backhand shot by Dennis Cholowski.
8:44 of 1st period - Shot Misses the Net.
9:14 of 1st period - Theodor Blueger is hit by John-Jason Peterka and loses puck.
9:21 of 1st period - Wrist shot by John-Jason Peterka.
9:21 of 1st period - Shot Misses the Net.
9:23 of 1st period - Snap shot by John-Jason Peterka.
9:23 of 1st period - Deflect By Anders Bjork.
9:23 of 1st period - Shot Misses the Net.
9:23 of 1st period - Puck is out of play.
9:24 of 1st period - Jake Evans wins face-off versus Emil Pettersson in Barracuda zone.
9:29 of 1st period - Snap shot by Evan Rodrigues.
9:29 of 1st period - Stopped by Kevin Mandolese with a rebound.
9:35 of 1st period - Snap shot by Beck Malenstyn.
9:35 of 1st period - Shot Blocked by Martin Fehervary.
9:37 of 1st period - Snap shot by Robin Norell.
9:37 of 1st period - Stopped by Connor Hellebyuk without a rebound.
9:38 of 1st period - Trent Frederic wins face-off versus Jake Evans in Rockets zone.
9:53 of 1st period - Slapshot by Angus Crookshank.
9:53 of 1st period - Stopped by Connor Hellebyuk without a rebound.
9:54 of 1st period - Emil Pettersson wins face-off versus Jesperi Kotkaniemi in Rockets zone.
10:05 of 1st period - Snap shot by Beck Malenstyn.
10:05 of 1st period - Stopped by Connor Hellebyuk without a rebound.
10:06 of 1st period - Jake Evans wins face-off versus Emil Pettersson in Rockets zone.
10:06 of 1st period - Jake Evans is hit by Jordan Gross.
10:23 of 1st period - Off-side.
10:24 of 1st period - Trent Frederic wins face-off versus Jesperi Kotkaniemi in neutral zone.
10:31 of 1st period - Wrist shot by Lucas Raymond.
10:31 of 1st period - Deflect By Mason Appleton.
10:31 of 1st period - Shot Blocked by Jordan Gross.
10:31 of 1st period - Puck is out of play.
10:32 of 1st period - Jesperi Kotkaniemi wins face-off versus Alexei Toropchenko in Barracuda zone.
10:33 of 1st period - Snap shot by Mason Appleton.
10:33 of 1st period - Shot Misses the Net.
11:01 of 1st period - Icing by Trent Frederic.
11:02 of 1st period - Jake Evans wins face-off versus Trent Frederic in Barracuda zone.
11:29 of 1st period - Nikolai Kovalenko is hit by Michael McCarron.
11:50 of 1st period - Icing by Noah Dobson.
11:51 of 1st period - Jacob Peterson wins face-off versus Jesperi Kotkaniemi in Rockets zone.
11:52 of 1st period - Slapshot by Ryan Merkley.
11:52 of 1st period - Stopped by Connor Hellebyuk without a rebound.
11:53 of 1st period - Jackson Kunz wins face-off versus Lucas Raymond in Rockets zone.
11:58 of 1st period - Snap shot by Bode Wilde.
11:58 of 1st period - Stopped by Connor Hellebyuk with a rebound.
12:08 of 1st period - Slapshot by Jesperi Kotkaniemi.
12:08 of 1st period - Stopped by Kevin Mandolese with a rebound.
12:18 of 1st period - Evan Rodrigues is hit by Beck Malenstyn and loses puck.
13:40 of 1st period - Icing by Dennis Cholowski.
13:41 of 1st period - Nikolai Kovalenko wins face-off versus Jake Evans in Barracuda zone.
13:46 of 1st period - Wrist shot by Nikolai Kovalenko.
13:46 of 1st period - Deflect By Emil Pettersson.
13:46 of 1st period - Shot Blocked by Jake Evans.
13:46 of 1st period - Puck is out of play.
13:47 of 1st period - Jake Evans wins face-off versus Emil Pettersson in Rockets zone.
13:47 of 1st period - Jake Evans is hit by Ryan Merkley.
13:53 of 1st period - Slapshot by Jake Evans.
13:53 of 1st period - Shot Blocked by Nikolai Kovalenko.
13:59 of 1st period - Slapshot by Jake Evans.
13:59 of 1st period - Rockets goal is going for a video replay.
13:59 of 1st period - The goal is good.
13:59 of 1st period - Goal by Jake Evans - Rockets : 1 - Barracuda : 0.
14:00 of 1st period - Emil Pettersson wins face-off versus Jake Evans in neutral zone.
14:11 of 1st period - Jordan Gross is hit by Noah Dobson and loses puck.
14:26 of 1st period - Robin Norell is hit by Michael McCarron.
14:56 of 1st period - Snap shot by Trent Frederic.
14:56 of 1st period - Shot Misses the Net.
14:58 of 1st period - Slapshot by Jordan Gross.
14:58 of 1st period - Stopped by Connor Hellebyuk with a rebound.
15:20 of 1st period - Wrist shot by Jacob Peterson.
15:20 of 1st period - Deflect By Jackson Kunz.
15:20 of 1st period - Goal by Jackson Kunz - Rockets : 1 - Barracuda : 1.
15:21 of 1st period - Emil Pettersson wins face-off versus Trevor Zegras in neutral zone.
15:47 of 1st period - Noah Dobson is hit by Alex Lintuniemi and loses puck.
16:00 of 1st period - Snap shot by Cole Caufield.
16:00 of 1st period - Shot Blocked by Yegor Sokolov.
16:14 of 1st period - Snap shot by Alexei Toropchenko.
16:14 of 1st period - Deflect By Angus Crookshank.
16:14 of 1st period - Shot Blocked by Mason Appleton.
16:14 of 1st period - Puck is out of play.
16:15 of 1st period - Alexei Toropchenko wins face-off versus Jake Evans in Rockets zone.
16:24 of 1st period - Slapshot by Jordan Gross.
16:24 of 1st period - Stopped by Connor Hellebyuk with a rebound.
16:26 of 1st period - Snap shot by Jordan Gross.
16:26 of 1st period - Stopped by Connor Hellebyuk with a rebound.
16:28 of 1st period - Wrist shot by Trent Frederic.
16:28 of 1st period - Shot Blocked by Thomas Harley.
16:30 of 1st period - Snap shot by Alexei Toropchenko.
16:30 of 1st period - Shot Misses the Net.
16:36 of 1st period - Backhand shot by Trent Frederic.
16:36 of 1st period - Shot Blocked by Jake Evans.
16:41 of 1st period - Minor Penalty to Thomas Harley for Holding.
16:42 of 1st period - Jesperi Kotkaniemi wins face-off versus Emil Pettersson in Rockets zone.
16:49 of 1st period - Off-side.
16:50 of 1st period - Jesperi Kotkaniemi wins face-off versus Emil Pettersson in neutral zone.
16:53 of 1st period - Robin Norell is hit by Noah Dobson and loses puck.
17:04 of 1st period - Snap shot by Jesperi Kotkaniemi.
17:04 of 1st period - Goal by Jesperi Kotkaniemi - Rockets : 2 - Barracuda : 1.
17:05 of 1st period - Jesperi Kotkaniemi wins face-off versus Emil Pettersson in neutral zone.
17:11 of 1st period - Off-side.
17:12 of 1st period - Jesperi Kotkaniemi wins face-off versus Emil Pettersson in neutral zone.
17:17 of 1st period - Wrist shot by Emil Pettersson.
17:17 of 1st period - Deflect By Nikolai Kovalenko.
17:17 of 1st period - Goal by Nikolai Kovalenko - Rockets : 2 - Barracuda : 2.
17:18 of 1st period - Jake Evans wins face-off versus Emil Pettersson in neutral zone.
17:21 of 1st period - Snap shot by Trevor Zegras.
17:21 of 1st period - Shot Hit the Post.
17:23 of 1st period - Wrist shot by Martin Fehervary.
17:23 of 1st period - Shot Blocked by Robin Norell.
17:25 of 1st period - Snap shot by Evan Rodrigues.
17:25 of 1st period - Stopped by Kevin Mandolese with a rebound.
18:03 of 1st period - Lucas Raymond is hit by Adam Raska and loses puck.
18:10 of 1st period - Slapshot by Kaiden Guhle.
18:10 of 1st period - Shot Misses the Net.
18:12 of 1st period - Snap shot by Kaiden Guhle.
18:12 of 1st period - Shot Hit the Post.
18:14 of 1st period - Wrist shot by Jesperi Kotkaniemi.
18:14 of 1st period - Stopped by Kevin Mandolese with a rebound.
18:16 of 1st period - Snap shot by Martin Fehervary.
18:16 of 1st period - Shot Blocked by Jackson Kunz.
18:18 of 1st period - Slapshot by Lucas Raymond.
18:18 of 1st period - Goal by Lucas Raymond - Rockets : 3 - Barracuda : 2.
18:19 of 1st period - Emil Pettersson wins face-off versus Jake Evans in neutral zone.
19:22 of 1st period - Angus Crookshank is hit by Dennis Gilbert and loses puck.
19:33 of 1st period - John-Jason Peterka is hit by Alex Lintuniemi and loses puck.
Goals for this period are 3 for Rockets vs 2 for Barracuda.
Shots for this period are 9 for Rockets vs 13 for Barracuda.
2nd period
0:01 of 2nd period - Emil Pettersson wins face-off versus Jake Evans in neutral zone.
0:56 of 2nd period - Wrist shot by John-Jason Peterka.
0:56 of 2nd period - Shot Blocked by Alex Lintuniemi.
0:58 of 2nd period - Snap shot by Anders Bjork.
0:58 of 2nd period - Shot Misses the Net.
1:06 of 2nd period - Minor Penalty to Yegor Sokolov for Holding.
1:07 of 2nd period - Jake Evans wins face-off versus Emil Pettersson in Barracuda zone.
1:44 of 2nd period - Beck Malenstyn is hit by Lucas Raymond and loses puck.
1:55 of 2nd period - Slapshot by Jordan Gross.
1:55 of 2nd period - Deflect By Trent Frederic.
1:55 of 2nd period - Shot Misses the Net.
1:55 of 2nd period - Puck is out of play.
1:56 of 2nd period - Trent Frederic wins face-off versus Alex Newhook in Rockets zone.
2:45 of 2nd period - John-Jason Peterka is hit by Robin Norell and loses puck.
3:06 of 2nd period - Penalty to Yegor Sokolov is over, Yegor Sokolov is back on ice.
3:36 of 2nd period - Minor Penalty to Evan Rodrigues for Holding.
3:37 of 2nd period - Jesperi Kotkaniemi wins face-off versus Trent Frederic in Rockets zone.
3:53 of 2nd period - Icing by Jordan Gross.
3:54 of 2nd period - Jesperi Kotkaniemi wins face-off versus Trent Frederic in Barracuda zone.
4:03 of 2nd period - Slapshot by Alex Lintuniemi.
4:03 of 2nd period - Shot Misses the Net.
4:05 of 2nd period - Wrist shot by Trent Frederic.
4:05 of 2nd period - Barracuda goal is going for a video replay.
4:05 of 2nd period - The goal is good.
4:05 of 2nd period - Goal by Trent Frederic - Rockets : 3 - Barracuda : 3.
4:06 of 2nd period - Emil Pettersson wins face-off versus Jesperi Kotkaniemi in neutral zone.
4:11 of 2nd period - Slapshot by Emil Pettersson.
4:11 of 2nd period - Shot Misses the Net.
4:17 of 2nd period - Slapshot by Thomas Harley.
4:17 of 2nd period - Shot Blocked by Jordan Gross.
4:31 of 2nd period - Thomas Harley is hit by Jordan Gross.
4:58 of 2nd period - Off-side.
4:59 of 2nd period - Emil Pettersson wins face-off versus Jesperi Kotkaniemi in neutral zone.
5:10 of 2nd period - Slapshot by Emil Pettersson.
5:10 of 2nd period - Deflect By Nikolai Kovalenko.
5:10 of 2nd period - Stopped by Connor Hellebyuk with a rebound.
5:12 of 2nd period - Slapshot by Bode Wilde.
5:12 of 2nd period - Shot Misses the Net.
5:50 of 2nd period - Trent Frederic is hit by Cole Caufield and loses puck.
5:55 of 2nd period - Snap shot by Anders Bjork.
5:55 of 2nd period - Shot Misses the Net.
5:57 of 2nd period - Slapshot by Anders Bjork.
5:57 of 2nd period - Stopped by Kevin Mandolese without a rebound.
5:58 of 2nd period - Emil Pettersson wins face-off versus Jake Evans in Barracuda zone.
6:19 of 2nd period - Robin Norell is hit by Noah Dobson and loses puck.
6:38 of 2nd period - Slapshot by Robin Norell.
6:38 of 2nd period - Stopped by Connor Hellebyuk without a rebound.
6:39 of 2nd period - Kirby Dach wins face-off versus Adam Beckman in Rockets zone.
6:43 of 2nd period - Off-side.
6:44 of 2nd period - Theodor Blueger wins face-off versus Kirby Dach in neutral zone.
7:15 of 2nd period - Wrist shot by Emil Pettersson.
7:15 of 2nd period - Goal by Emil Pettersson - Rockets : 3 - Barracuda : 4.
7:16 of 2nd period - Emil Pettersson wins face-off versus Jake Evans in neutral zone.
7:19 of 2nd period - Kaiden Guhle is hit by Beck Malenstyn and loses puck.
7:41 of 2nd period - Beck Malenstyn is hit by Kaiden Guhle and loses puck.
7:46 of 2nd period - Slapshot by Thomas Harley.
7:46 of 2nd period - Shot Blocked by Emil Pettersson.
7:48 of 2nd period - Snap shot by Cole Caufield.
7:48 of 2nd period - Stopped by Kevin Mandolese without a rebound.
7:49 of 2nd period - Jesperi Kotkaniemi wins face-off versus Alexei Toropchenko in Barracuda zone.
8:18 of 2nd period - Snap shot by Jake Evans.
8:18 of 2nd period - Stopped by Kevin Mandolese with a rebound.
8:20 of 2nd period - Slapshot by Noah Dobson.
8:20 of 2nd period - Stopped by Kevin Mandolese with a rebound.
8:22 of 2nd period - Wrist shot by Jake Evans.
8:22 of 2nd period - Shot Misses the Net.
8:24 of 2nd period - Snap shot by Trevor Zegras.
8:24 of 2nd period - Shot Misses the Net.
8:26 of 2nd period - Slapshot by Thomas Harley.
8:26 of 2nd period - Stopped by Kevin Mandolese with a rebound.
8:42 of 2nd period - Snap shot by Jacob Peterson.
8:42 of 2nd period - Shot Blocked by Kaiden Guhle.
8:58 of 2nd period - Snap shot by Emil Pettersson.
8:58 of 2nd period - Stopped by Connor Hellebyuk with a rebound.
9:18 of 2nd period - Snap shot by Mason Appleton.
9:18 of 2nd period - Shot Blocked by Alex Lintuniemi.
9:20 of 2nd period - Slapshot by Jesperi Kotkaniemi.
9:20 of 2nd period - Goal by Jesperi Kotkaniemi - Rockets : 4 - Barracuda : 4.
9:21 of 2nd period - Jake Evans wins face-off versus Beck Malenstyn in neutral zone.
9:48 of 2nd period - Lucas Raymond is hit by Jordan Gross and loses puck.
9:53 of 2nd period - Snap shot by Trent Frederic.
9:53 of 2nd period - Shot Blocked by Jesperi Kotkaniemi.
10:11 of 2nd period - Wrist shot by Adam Beckman.
10:11 of 2nd period - Stopped by Connor Hellebyuk with a rebound.
10:34 of 2nd period - Adam Raska is hit by Martin Fehervary and loses puck.
10:49 of 2nd period - Wrist shot by Mason Appleton.
10:49 of 2nd period - Deflect By Lucas Raymond.
10:49 of 2nd period - Stopped by Kevin Mandolese with a rebound.
10:51 of 2nd period - Snap shot by Jesperi Kotkaniemi.
10:51 of 2nd period - Stopped by Kevin Mandolese without a rebound.
10:52 of 2nd period - Emil Pettersson wins face-off versus Jesperi Kotkaniemi in Barracuda zone.
12:23 of 2nd period - Snap shot by Mason Appleton.
12:23 of 2nd period - Shot Misses the Net.
12:29 of 2nd period - Wrist shot by Lucas Raymond.
12:29 of 2nd period - Shot Hit the Post.
12:31 of 2nd period - Slapshot by Noah Dobson.
12:31 of 2nd period - Stopped by Kevin Mandolese without a rebound.
12:32 of 2nd period - Jake Evans wins face-off versus Trent Frederic in Barracuda zone.
12:41 of 2nd period - Wrist shot by Trevor Zegras.
12:41 of 2nd period - Shot Misses the Net.
12:43 of 2nd period - Wrist shot by Jake Evans.
12:43 of 2nd period - Shot Misses the Net.
12:45 of 2nd period - Slapshot by Martin Fehervary.
12:45 of 2nd period - Stopped by Kevin Mandolese without a rebound.
12:46 of 2nd period - Emil Pettersson wins face-off versus Jake Evans in Barracuda zone.
12:51 of 2nd period - Slapshot by Alex Lintuniemi.
12:51 of 2nd period - Stopped by Connor Hellebyuk with a rebound.
12:57 of 2nd period - Snap shot by Jake Evans.
12:57 of 2nd period - Shot Misses the Net.
12:59 of 2nd period - Slapshot by Martin Fehervary.
12:59 of 2nd period - Stopped by Kevin Mandolese with a rebound.
13:01 of 2nd period - Slapshot by Kaiden Guhle.
13:01 of 2nd period - Stopped by Kevin Mandolese without a rebound.
13:02 of 2nd period - Trent Frederic wins face-off versus Jesperi Kotkaniemi in Barracuda zone.
13:15 of 2nd period - Slapshot by Trent Frederic.
13:15 of 2nd period - Deflect By Angus Crookshank.
13:15 of 2nd period - Goal by Angus Crookshank - Rockets : 4 - Barracuda : 5.
13:16 of 2nd period - Emil Pettersson wins face-off versus Jake Evans in neutral zone.
13:19 of 2nd period - Slapshot by Robin Norell.
13:19 of 2nd period - Stopped by Connor Hellebyuk with a rebound.
13:49 of 2nd period - Off-side.
13:50 of 2nd period - Trent Frederic wins face-off versus Jake Evans in neutral zone.
14:24 of 2nd period - Slapshot by Robin Norell.
14:24 of 2nd period - Shot Misses the Net.
14:26 of 2nd period - Minor Penalty to Lucas Raymond for Hooking.
14:27 of 2nd period - Emil Pettersson wins face-off versus Jesperi Kotkaniemi in Rockets zone.
15:51 of 2nd period - Jordan Gross is hit by Dennis Gilbert and loses puck.
16:26 of 2nd period - Penalty to Lucas Raymond is over, Lucas Raymond is back on ice.
16:40 of 2nd period - Noah Dobson is hit by Ryan Merkley.
16:49 of 2nd period - Off-side.
16:50 of 2nd period - Jacob Peterson wins face-off versus Anders Bjork in neutral zone.
17:36 of 2nd period - Backhand shot by Emil Pettersson.
17:36 of 2nd period - Shot Misses the Net.
17:38 of 2nd period - Wrist shot by Emil Pettersson.
17:38 of 2nd period - Shot Misses the Net.
18:27 of 2nd period - Snap shot by Anders Bjork.
18:27 of 2nd period - Shot Misses the Net.
18:29 of 2nd period - Snap shot by Martin Fehervary.
18:29 of 2nd period - Stopped by Kevin Mandolese with a rebound.
18:39 of 2nd period - Snap shot by Alex Newhook.
18:39 of 2nd period - Deflect By Michael McCarron.
18:39 of 2nd period - Deflect By Theodor Blueger.
18:39 of 2nd period - Shot Misses the Net.
18:39 of 2nd period - Puck is out of play.
18:40 of 2nd period - Theodor Blueger wins face-off versus Kirby Dach in Barracuda zone.
18:40 of 2nd period - Theodor Blueger is hit by Noah Dobson.
19:11 of 2nd period - Snap shot by Lucas Raymond.
19:11 of 2nd period - Stopped by Kevin Mandolese with a rebound.
19:23 of 2nd period - Slapshot by Adam Beckman.
19:23 of 2nd period - Deflect By Theodor Blueger.
19:23 of 2nd period - Shot Misses the Net.
19:23 of 2nd period - Puck is out of play.
19:24 of 2nd period - Emil Pettersson wins face-off versus Jake Evans in Rockets zone.
Goals for this period are 1 for Rockets vs 3 for Barracuda.
Shots for this period are 14 for Rockets vs 9 for Barracuda.
3rd period
0:01 of 3rd period - Jake Evans wins face-off versus Nikolai Kovalenko in neutral zone.
0:14 of 3rd period - Wrist shot by Evan Rodrigues.
0:14 of 3rd period - Shot Blocked by Jordan Gross.
0:46 of 3rd period - Icing by Angus Crookshank.
0:47 of 3rd period - Kirby Dach wins face-off versus Angus Crookshank in Barracuda zone.
0:48 of 3rd period - Snap shot by Alex Newhook.
0:48 of 3rd period - Shot Misses the Net.
0:50 of 3rd period - Slapshot by Jake Evans.
0:50 of 3rd period - Goal by Jake Evans - Rockets : 5 - Barracuda : 5.
0:51 of 3rd period - Jake Evans wins face-off versus Nikolai Kovalenko in neutral zone.
1:12 of 3rd period - Minor Penalty to Trevor Zegras for Tripping.
1:13 of 3rd period - Jesperi Kotkaniemi wins face-off versus Emil Pettersson in Rockets zone.
1:30 of 3rd period - Snap shot by Evan Rodrigues.
1:30 of 3rd period - Shot Misses the Net.
1:40 of 3rd period - Jesperi Kotkaniemi is hit by Angus Crookshank.
1:50 of 3rd period - Wrist shot by Trent Frederic.
1:50 of 3rd period - Shot Misses the Net.
1:52 of 3rd period - Snap shot by Angus Crookshank.
1:52 of 3rd period - Stopped by Connor Hellebyuk without a rebound.
1:53 of 3rd period - Emil Pettersson wins face-off versus Jesperi Kotkaniemi in Rockets zone.
1:56 of 3rd period - Backhand shot by Nikolai Kovalenko.
1:56 of 3rd period - Shot Misses the Net.
1:58 of 3rd period - Snap shot by Beck Malenstyn.
1:58 of 3rd period - Goal by Beck Malenstyn - Rockets : 5 - Barracuda : 6.
1:59 of 3rd period - Jake Evans wins face-off versus Emil Pettersson in neutral zone.
2:14 of 3rd period - Slapshot by Nikolai Kovalenko.
2:14 of 3rd period - Shot Misses the Net.
2:42 of 3rd period - Minor Penalty to Angus Crookshank for High sticking.
2:43 of 3rd period - Beck Malenstyn wins face-off versus Jake Evans in Barracuda zone.
2:43 of 3rd period - Beck Malenstyn is hit by Jake Evans.
2:51 of 3rd period - Minor Penalty to Cole Caufield for Holding.
2:52 of 3rd period - Emil Pettersson wins face-off versus Jake Evans in Rockets zone.
3:35 of 3rd period - Evan Rodrigues is hit by Dennis Cholowski and loses puck.
3:42 of 3rd period - Slapshot by Robin Norell.
3:42 of 3rd period - Stopped by Connor Hellebyuk with a rebound.
4:06 of 3rd period - Wrist shot by Alexei Toropchenko.
4:06 of 3rd period - Shot Misses the Net.
4:42 of 3rd period - Penalty to Angus Crookshank is over, Angus Crookshank is back on ice.
4:51 of 3rd period - Penalty to Cole Caufield is over, Cole Caufield is back on ice.
4:51 of 3rd period - Wrist shot by Alexei Toropchenko.
4:51 of 3rd period - Shot Blocked by Kaiden Guhle.
4:53 of 3rd period - Snap shot by Angus Crookshank.
4:53 of 3rd period - Shot Misses the Net.
4:57 of 3rd period - Slapshot by Robin Norell.
4:57 of 3rd period - Stopped by Connor Hellebyuk without a rebound.
4:58 of 3rd period - Theodor Blueger wins face-off versus Alex Newhook in Rockets zone.
5:23 of 3rd period - Jacob Peterson is hit by Arber Xhekaj and loses puck.
5:33 of 3rd period - Minor Penalty to Dennis Cholowski for Hooking.
5:34 of 3rd period - Emil Pettersson wins face-off versus Jake Evans in Barracuda zone.
5:44 of 3rd period - Slapshot by Thomas Harley.
5:44 of 3rd period - Shot Blocked by Emil Pettersson.
6:24 of 3rd period - Snap shot by Lucas Raymond.
6:24 of 3rd period - Deflect By Trent Frederic.
6:24 of 3rd period - Stopped by Kevin Mandolese without a rebound.
6:25 of 3rd period - Jake Evans wins face-off versus Trent Frederic in Barracuda zone.
6:26 of 3rd period - Slapshot by Trevor Zegras.
6:26 of 3rd period - Goal by Trevor Zegras - Rockets : 6 - Barracuda : 6.
6:27 of 3rd period - Evan Rodrigues wins face-off versus Emil Pettersson in neutral zone.
6:52 of 3rd period - Lucas Raymond is hit by Trent Frederic and loses puck.
7:03 of 3rd period - Slapshot by Alexei Toropchenko.
7:03 of 3rd period - Stopped by Connor Hellebyuk without a rebound.
7:04 of 3rd period - Jake Evans wins face-off versus Theodor Blueger in Rockets zone.
7:09 of 3rd period - Slapshot by Martin Fehervary.
7:09 of 3rd period - Deflect By Trevor Zegras.
7:09 of 3rd period - Shot Misses the Net.
7:09 of 3rd period - Puck is out of play.
7:10 of 3rd period - Theodor Blueger wins face-off versus Jake Evans in Barracuda zone.
7:59 of 3rd period - Slapshot by Dennis Cholowski.
7:59 of 3rd period - Shot Misses the Net.
8:01 of 3rd period - Wrist shot by Trent Frederic.
8:01 of 3rd period - Stopped by Connor Hellebyuk with a rebound.
9:08 of 3rd period - Ryan Merkley is hit by Trevor Zegras.
9:38 of 3rd period - Slapshot by Robin Norell.
9:38 of 3rd period - Shot Blocked by Arber Xhekaj.
9:40 of 3rd period - Snap shot by Jordan Gross.
9:40 of 3rd period - Stopped by Connor Hellebyuk with a rebound.
9:42 of 3rd period - Slapshot by Jordan Gross.
9:42 of 3rd period - Stopped by Connor Hellebyuk without a rebound.
9:43 of 3rd period - Emil Pettersson wins face-off versus Jesperi Kotkaniemi in Rockets zone.
9:44 of 3rd period - Slapshot by Robin Norell.
9:44 of 3rd period - Stopped by Connor Hellebyuk with a rebound.
9:46 of 3rd period - Slapshot by Robin Norell.
9:46 of 3rd period - Stopped by Connor Hellebyuk with a rebound.
9:48 of 3rd period - Wrist shot by Emil Pettersson.
9:48 of 3rd period - Stopped by Connor Hellebyuk without a rebound.
9:49 of 3rd period - Emil Pettersson wins face-off versus Jesperi Kotkaniemi in Rockets zone.
10:14 of 3rd period - Snap shot by Kirby Dach.
10:14 of 3rd period - Shot Misses the Net.
10:40 of 3rd period - Snap shot by Theodor Blueger.
10:40 of 3rd period - Shot Blocked by Jayden Struble.
11:07 of 3rd period - Minor Penalty to John-Jason Peterka for Holding.
11:08 of 3rd period - Emil Pettersson wins face-off versus Jesperi Kotkaniemi in Rockets zone.
12:06 of 3rd period - Jordan Gross is hit by Jake Evans and loses puck.
12:33 of 3rd period - Snap shot by Lucas Raymond.
12:33 of 3rd period - Shot Misses the Net.
13:07 of 3rd period - Penalty to John-Jason Peterka is over, John-Jason Peterka is back on ice.
13:16 of 3rd period - Backhand shot by Adam Beckman.
13:16 of 3rd period - Shot Misses the Net.
13:18 of 3rd period - Snap shot by Adam Beckman.
13:18 of 3rd period - Deflect By Martin Fehervary.
13:18 of 3rd period - Shot Hit the Post.
13:18 of 3rd period - Puck is out of play.
13:19 of 3rd period - Kirby Dach wins face-off versus Theodor Blueger in Rockets zone.
13:19 of 3rd period - Kirby Dach is hit by Adam Beckman.
13:51 of 3rd period - Slapshot by Ryan Merkley.
13:51 of 3rd period - Shot Blocked by Martin Fehervary.
13:53 of 3rd period - Snap shot by Jacob Peterson.
13:53 of 3rd period - Stopped by Connor Hellebyuk with a rebound.
14:07 of 3rd period - Slapshot by Angus Crookshank.
14:07 of 3rd period - Stopped by Connor Hellebyuk without a rebound.
14:08 of 3rd period - Evan Rodrigues wins face-off versus Trent Frederic in Rockets zone.
14:49 of 3rd period - Lucas Raymond is hit by Dennis Cholowski and loses puck.
15:38 of 3rd period - Lucas Raymond is hit by Alex Lintuniemi and loses puck.
15:45 of 3rd period - Snap shot by Lucas Raymond.
15:45 of 3rd period - Stopped by Kevin Mandolese with a rebound.
15:47 of 3rd period - Snap shot by Lucas Raymond.
15:47 of 3rd period - Stopped by Kevin Mandolese without a rebound.
15:48 of 3rd period - Kirby Dach wins face-off versus Theodor Blueger in Barracuda zone.
15:55 of 3rd period - Snap shot by Michael McCarron.
15:55 of 3rd period - Deflect By Kirby Dach.
15:55 of 3rd period - Stopped by Kevin Mandolese with a rebound.
16:22 of 3rd period - Snap shot by Alexei Toropchenko.
16:22 of 3rd period - Stopped by Connor Hellebyuk with a rebound.
16:40 of 3rd period - Snap shot by Trevor Zegras.
16:40 of 3rd period - Stopped by Kevin Mandolese with a rebound.
17:26 of 3rd period - Snap shot by Trevor Zegras.
17:26 of 3rd period - Shot Misses the Net.
18:10 of 3rd period - Thomas Harley is hit by Jackson Kunz.
18:32 of 3rd period - Noah Dobson is hit by Alexei Toropchenko and loses puck.
18:41 of 3rd period - Alexei Toropchenko is hit by Kirby Dach and loses puck.
18:52 of 3rd period - Jordan Gross is hit by Evan Rodrigues and loses puck.
19:05 of 3rd period - Snap shot by Angus Crookshank.
19:05 of 3rd period - Shot Misses the Net.
19:21 of 3rd period - Snap shot by Trent Frederic.
19:21 of 3rd period - Goal by Trent Frederic - Rockets : 6 - Barracuda : 7.
19:22 of 3rd period - Jake Evans wins face-off versus Emil Pettersson in neutral zone.
19:38 of 3rd period - Nikolai Kovalenko is hit by Evan Rodrigues and loses puck.
19:41 of 3rd period - Rockets, Connor Hellebyuk is pulled from the net.
19:43 of 3rd period - Wrist shot by Trevor Zegras.
19:43 of 3rd period - Stopped by Kevin Mandolese without a rebound.
19:44 of 3rd period - Pascal Vincent call a timeout for Rockets.
19:44 of 3rd period - Emil Pettersson wins face-off versus Jake Evans in Barracuda zone.
Goals for this period are 2 for Rockets vs 2 for Barracuda.
Shots for this period are 8 for Rockets vs 15 for Barracuda.